 Dungeon Crawl Stone Soup version 0.21.1-1-g345015f (webtiles) character file.

58 Mirai the Magician (level 3, -1/19 HPs)
             Began as a Deep Elf Conjurer on Mar 28, 2018.
             Slain by Robin
             ... wielding a +5 club
              (4 damage)
             ... on level 2 of the Dungeon.
             The game lasted 00:06:13 (1007 turns).

Mirai the Magician (Deep Elf Conjurer)              Turns: 1007, Time: 00:06:13

Health: -1/19      AC:  7    Str:  5    XL:     3   Next: 75%
Magic:  1/12       EV:  9    Int: 20    God:
Gold:   0          SH:  0    Dex: 15    Spells: 10/13 levels left

rFire    . . .     SeeInvis .   d - +1 short sword
rCold    . . .     Gourm    .   (no shield)
rNeg     . . .     Faith    .   j - +0 ring mail (curse)
rPois    .         Spirit   .   (helmet restricted)
rElec    .         Reflect  .   (no cloak)
rCorr    .         Harm     .   (no gloves)
MR       .....                  (no boots)
Stlth    +.........             (no amulet)
HPRegen  0.06/turn              (no ring)
MPRegen  0.13/turn              (no ring)

@: very slightly contaminated
A: horns 1, molten scales 1, subdued magic 1
a: no special abilities


You were on level 2 of the Dungeon.
You were not hungry.

You visited 1 branch of the dungeon, and saw 2 of its levels.

Inventory:

Hand Weapons
 d - a +1 short sword (weapon)
Armour
 a - a +0 robe
 g - a cursed +0 robe
 j - a cursed +0 ring mail (worn)
Scrolls
 h - 2 scrolls of identify {unknown}
Potions
 k - 3 potions of curing
Books
 b - a book of Conjurations

   Spells                             Type                      Level
   a - Magic Dart                     Conjuration                  1
   b - Searing Ray                    Conjuration                  2
   c - Dazzling Spray                 Conjuration/Hexes            3
   d - Fulminant Prism                Conjuration/Hexes            4
   e - Force Lance                    Conjuration/Translocation    4
   f - Iskenderun's Mystic Blast      Conjuration                  4
Comestibles
 c - 2 rations


   Skills:
 - Level 2.4 Dodging
 - Level 2.4 Stealth
 + Level 5.7 Spellcasting
 - Level 4.3 Conjurations


You had 10 spell levels left.
You knew the following spells:

 Your Spells              Type           Power        Failure   Level  Hunger
a - Magic Dart            Conj           ###.         7%          1    None
b - Searing Ray           Conj           ###...       11%         2    None


Dungeon Overview and Level Annotations

Branches:
Dungeon (2/15)

Altars:

Annotations:
D:2 Robin


Innate Abilities, Weirdness & Mutations

You have a pair of small horns on your head.
You are partially covered in molten scales. (AC +2)
Your spells are a little easier to cast, but a little less powerful.


Message History

You see here a mace.
There is a stone staircase leading up here.
Casting: Magic Dart
Confirm with . or Enter, or press ? or * to list all spells.
Aiming: Magic Dart
Press: ? - help, Shift-Dir - straight line, f/p - Robin
Aim: Robin, wielding an enchanted club, wearing an animal skin and wearing a helmet (heavily wounded)
You miscast Magic Dart.
Nothing appears to happen.
Your ring mail prevents you from hitting Robin.
Robin is heavily wounded.
Robin hits you but does no damage.
As you read the scroll labeled KUHADE PULA, it crumbles to dust.
It is a scroll of enchant weapon.
Your +0 short sword glows red for a moment.
Robin hits you with an enchanted club.
* * * LOW HITPOINT WARNING * * *
You hit Robin but do no damage. You headbutt Robin.
Robin is severely wounded.
Robin hits you with an enchanted club.
You die...

#....)....#
#.#########
#.# #.# #.#
#.# #)# #g#
#@# ###


You could see Robin.

Vanquished Creatures
  A gnoll (D:1)
  A leopard gecko (D:1)
  2 bats
  16 goblins
  7 hobgoblins
  2 jackals (D:1)
  5 kobolds (D:1)
  A ball python (D:1)
  3 frilled lizards (D:1)
  4 rats (D:1)
42 creatures vanquished.

Notes
Turn   | Place    | Note
-------+----------+-------------------------------------------
     0 | D:1      | Mirai the Deep Elf Conjurer began the quest for the Orb.
     0 | D:1      | Reached XP level 1. HP: 10/10 MP: 6/6
   166 | D:1      | Reached skill level 4 in Spellcasting
   166 | D:1      | Reached XP level 2. HP: 15/15 MP: 0/9
   184 | D:1      | Learned a level 2 spell: Searing Ray
   512 | D:1      | Reached XP level 3. HP: 18/19 MP: 3/11
   535 | D:1      | Reached skill level 5 in Spellcasting
   920 | D:2      | Noticed Robin
   970 | D:2      | Gained mutation: You have a pair of small horns on your head. [potion of mutation]
   970 | D:2      | Gained mutation: Your spells are a little easier to cast, but a little less powerful. [potion of mutation]
   970 | D:2      | Gained mutation: You are partially covered in molten scales. (AC +2) [potion of mutation]
  1007 | D:2      | Slain by Robin

Skill      XL: |  1  2  3 |
---------------+----------+-----
Spellcasting   | 4 5 |  5.7
Dodging        | |  2.4
Stealth        | |  2.4
Conjurations   | |  4.3

Action                   || total
-------------------------++-------
Melee: Short sword       ||    24
       Headbutt          ||     1
 Cast: Magic Dart        ||    58
       Searing Ray       ||     2
  Use: Potion            ||     2
       Scroll            ||     1
Armor: Ring mail         ||    21
Dodge: Dodged            ||    36
